 Dungeon Crawl Stone Soup version 0.22.0-38-g04b72b8 (webtiles) character file.

102 JeffiDaFish the Magician (level 4, -4/24 HPs)
             Began as a Deep Elf Fire Elementalist on Aug 29, 2018.
             Killed from afar by an orc wizard (10 damage)
             ... with a puff of flame
             ... on level 3 of the Dungeon.
             The game lasted 00:06:33 (2213 turns).

JeffiDaFish the Magician (DEFE)                     Turns: 2213, Time: 00:06:34

Health: -4/24      AC:  4    Str:  2 (5)  XL:     4   Next: 50%
Magic:  9/12       EV: 13    Int: 20 (21) God:
Gold:   121        SH:  0    Dex: 14 (15) Spells: 7/11 levels left

rFire    . . .     SeeInvis .   l - +0 dagger (drain)
rCold    . . .     Gourm    .   (no shield)
rNeg     . . .     Faith    .   a - +1 robe
rPois    .         Spirit   .   (no helmet)
rElec    .         Reflect  .   (no cloak)
rCorr    .         Harm     .   (no gloves)
MR       .....                  e - +0 pair of boots
Stlth    +++.......             (no amulet)
HPRegen  0.08/turn              b - ring of stealth
MPRegen  0.13/turn              (no ring)

@: flying, slowed, very slow
A: no striking features
a: no special abilities


You were on level 3 of the Dungeon.
You were not hungry.

You visited 1 branch of the dungeon, and saw 3 of its levels.

You collected 121 gold pieces.

Inventory:

Hand Weapons
 d - a +1 dagger
 l - a +0 dagger of draining (weapon)
Armour
 a - a +1 robe (worn)
 e - a +0 pair of boots (worn)
 j - a +0 cloak
Jewellery
 b - a ring of stealth (left hand)
Scrolls
 g - a scroll of identify
Potions
 f - a potion of agility
 h - a potion of curing
Comestibles
 c - 8 rations
 k - 4 chunks of flesh


   Skills:
 + Level 3.2 Dodging
 - Level 2.4 Stealth
 * Level 4.4 Spellcasting
 * Level 2.8 Conjurations
 + Level 3.8 Fire Magic


You had 7 spell levels left.
You knew the following spells:

 Your Spells              Type           Power        Failure   Level  Hunger
a - Flame Tongue          Conj/Fire      ###..        3%          1    None
b - Conjure Flame         Conj/Fire      ###.....     10%         3    ###....

Your spell library contained the following spells:

 Spells                   Type           Power        Failure   Level  Hunger
 Throw Flame              Conj/Fire      ###...       4%          2    #......
 Inner Flame              Hex/Fire       ##......     17%         3    ###....
 Sticky Flame             Conj/Fire      ###.....     30%         4    ####...
 Fireball                 Conj/Fire      ###.......   65%         5    ######.


Dungeon Overview and Level Annotations

Branches:
Dungeon (3/15)

Altars:
Qazlal


Message History

The orc hits you with a short sword. The orc hits you with a dagger.
The orc wizard casts a spell.
The orc wizard blinks!
The orc wizard gestures at you while chanting.
You feel yourself slow down.
The orc wizard gestures wildly while chanting.
The orc wizard blinks!
Found a ration.
You hit the orc but do no damage. You drain the orc!
You kill the orc!
The orc hits you with a dagger.
* * * LOW HITPOINT WARNING * * *
Casting: Flame Tongue (safe; 3% risk of failure)
Confirm with . or Enter, or press ? or * to list all spells.
Aiming: Conjure Flame (safe; 10% risk of failure)
Press: ? - help, Dir - move target cursor The fire ignites!
The orc wizard points at you and mumbles some strange words.
The puff of flame hits you!
You die...

#.....#....)
###.....#.###.
#.+.....'.....
#.#.....#.....
#.#.....#####. .
#####.#.....# #. ...
#.....#.....# #.
...%.##.###.#.....######
#>..@§o..............
#.##.#oo.......#.....
#.##o...###.......
...+....# .###.##
##.##....# .###.##
...+....+ ......
#.##....# ###.#.
#.##....# #. .....+ .


You could see 2 orc wizards and 2 orcs.

Vanquished Creatures
  Crazy Yiuf (D:2)
  An adder (D:2)
  2 dart slugs (D:1)
  6 leopard geckos (D:1)
  5 orcs (D:3)
  A ball python (D:1)
  4 bats
  2 giant cockroaches (D:1)
  4 goblins
  9 hobgoblins
  2 frilled lizards (D:1)
  5 kobolds
  3 rats
45 creatures vanquished.

Notes
Turn   | Place    | Note
-------+----------+-------------------------------------------
     0 | D:1      | JeffiDaFish the Deep Elf Fire Elementalist began the quest for the Orb.
     0 | D:1      | Reached XP level 1. HP: 10/10 MP: 6/6
   151 | D:1      | Reached XP level 2. HP: 15/15 MP: 0/8
   382 | D:1      | Reached XP level 3. HP: 19/19 MP: 1/10
  1077 | D:2      | Reached skill level 4 in Spellcasting
  1425 | D:2      | Found a stormy altar of Qazlal.
  1733 | D:2      | Found a runed door.
  1737 | D:2      | Noticed Crazy Yiuf
  1746 | D:2      | Learned a level 3 spell: Conjure Flame
  1758 | D:2      | Killed Crazy Yiuf
  1758 | D:2      | Reached XP level 4. HP: 24/24 MP: 2/12
  2213 | D:3      | Killed from afar by an orc wizard

Skill      XL: |  1  2  3 |
---------------+----------+-----
Conjurations   | 2 |  2.8
Dodging        | 3 |  3.2
Spellcasting   | 4 |  4.4
Stealth        | |  2.4
Fire Magic     | |  3.8

Action                   |  1- 3 |  4- 6 || total
-------------------------+-------+-------++-------
Melee: Dagger            |    48 |     7 ||    55
 Cast: Flame Tongue      |    56 |     7 ||    63
       Conjure Flame     |     1 |     1 ||     2
  Use: Scroll            |     6 |       ||     6
       Potion            |     3 |     2 ||     5
 Stab: Sleeping          |     1 |     1 ||     2
  Eat: Chunk             |     2 |     2 ||     4
Armor: Robe              |    20 |     1 ||    21
Dodge: Dodged            |    45 |     9 ||    54
